 Dungeon Crawl Stone Soup version 0.32-a0-921-g04a7ad8e02 (console) character file.

Game seed: 15319980079006152515

16321 jSlice the Bludgeoner (level 12, -5/60 (123) HPs)
             Began as an Oni Berserker on Apr 12, 2024.
             Was a High Priest of Trog.
             Slain by an orc warlord
             ... wielding a +0 battleaxe of freezing
              (25 damage)
             ... on level 9 of the Dungeon.
             The game lasted 00:44:24 (15205 turns).

jSlice the Bludgeoner (Oni Berserker)              Turns: 15205, Time: 00:44:25

HP:   -5/60 (123)   AC: 10    Str: 40    XL:     12   Next: 36%
MP:   12/12         EV:  8    Int:  8    God:    Trog [*****.]
Gold: 908           SH:  5    Dex:  8    Spells: 11/11 levels left

rFire   . . .        x - +0 giant spiked club
rCold   . . .        (shield currently unavailable)
rNeg    . . .        Q - +0 acid dragon scales
rPois   +            W - +1 hat
rElec   +            n - +1 cloak "Kishrioj" {rElec rPois Stlth+}
rCorr   +            (gloves unavailable)
SInv    .            (boots unavailable)
Will    +++..        V - amulet of reflection
Stlth   ++           b - +6 ring of strength
HPRegen 1.30/turn    I - +6 ring of strength
MPRegen 0.13/turn

%: reflection
@: strong-willed, regenerating, studying Long Blades, extremely drained
A: large, unfitting armour, horns 1, tough skin 1, double potion healing,
drunken brawling
a: Renounce Religion, Berserk, Trog's Hand, Brothers in Arms


You were on level 9 of the Dungeon.
You worshipped Trog.
Trog was extremely pleased with you.
You visited 3 branches of the dungeon, and saw 13 of its levels.
You also visited: Bailey.

You collected 908 gold pieces.

Inventory:

Hand Weapons
 a - a +0 mace
 w - the +11 sling "Jott" {drain, rElec}
   (You found it on level 4 of the Dungeon)

   rElec:     It insulates you from electricity.
 x - a +0 giant spiked club (weapon)
 S - the +11 shortbow "Webroff" {flame, rCorr Dex+4}
   (You found it in a bailey)

   Dex+4:     It affects your dexterity (+4).
   rCorr:     It protects you from acid and corrosion.
Missiles
 h - 4 boomerangs (quivered)
 s - 32 javelins
 D - 24 poisoned darts
Armour
 i - a +1 robe of fire resistance
 m - a +2 cloak of willpower
 n - the +1 cloak "Kishrioj" (worn) {rElec rPois Stlth+}
   (You found it on level 2 of the Dungeon)

   rElec:     It insulates you from electricity.
   rPois:     It protects you from poison.
   Stlth+:    It makes you more stealthy.
 G - +0 steam dragon scales
 Q - +0 acid dragon scales (worn)
 W - a +1 hat (worn)
Jewellery
 b - a +6 ring of strength (left hand)
 I - a +6 ring of strength (right hand)
 P - an amulet of magic regeneration
 T - a ring of poison resistance
 V - an amulet of reflection (around neck)
 X - a ring of see invisible
Wands
 u - a wand of digging (6)
 J - a wand of iceblast (16)
 N - a wand of flame (20)
 O - a wand of charming (5)
 U - a wand of mindburst (18)
Scrolls
 k - 3 scrolls of blinking
 l - 3 scrolls of noise {unknown}
 o - 3 scrolls of teleportation
 q - 8 scrolls of identify
 r - 2 scrolls of poison {unknown}
 t - 4 scrolls of enchant weapon {unknown}
 y - a scroll of amnesia {unknown}
 z - 3 scrolls of fog {unknown}
 A - a scroll of brand weapon {unknown}
 B - 3 scrolls of fear {unknown}
 C - 3 scrolls of revelation {unknown}
 E - a scroll of vulnerability {unknown}
 F - 2 scrolls of immolation {unknown}
 L - a scroll of enchant armour {unknown}
Potions
 c - 2 potions of brilliance {unknown}
 e - 2 potions of enlightenment {unknown}
 f - 5 potions of attraction
 g - 2 potions of curing {unknown}
 j - 2 potions of ambrosia {unknown}
 p - a potion of cancellation {unknown}
 v - a potion of degeneration {unknown}
 H - 2 potions of resistance {unknown}
 K - a potion of might {unknown}
 R - a potion of experience
 Y - a potion of invisibility {unknown}


   Skills:
 + Level 9.2 Fighting
 * Level 18.5 Maces & Flails
 - Level 3.0 Dodging


You had 11 spell levels left.
You didn't know any spells.
Your spell library was empty.

Dungeon Overview and Level Annotations

Branches:
Dungeon (11/15)            Temple (0/1) D:6            Lair (1/5) D:11
    Orc (1/2) D:9          Bailey (visited)

Altars:
Ashenzari
Okawaru
Ru
Uskayaw
Xom
The Shining One

Shops:
D:6 *   D:11 [

Portals:
Abyss: D:7

Annotations:
D:7 2 transporters, GreedOfGod's ghost, novice DsBe
D:9 2 transporters, exclusion: orange crystal statue
Lair:1 Sonja


Innate Abilities, Weirdness & Mutations

You are too large for most types of armour.
You have a pair of small horns on your head.
You have tough skin. (AC +1)
You gain doubled healing and magic from potions.
Whenever you drink a healing potion, you attack all around you.


Message History

Level annotation: 2 transporters, exclusion: orange crystal statue
There is a staircase to the Orcish Mines here.
You bludgeon the warg!! Your headbutt misses the warg.
The warg is severely wounded.
The warg completely misses you.
You spit the warg like a pig!!!
You kill the warg!
Trog accepts your kill. You block the orc's attack.
You bludgeon the orc!!
You kill the orc!
Trog accepts your kill.
You start resting.
HP restored.
You climb downwards.
Welcome back to the Orcish Mines!
The orc throws a boomerang.
The boomerang hits you but does no damage.
The orc priest looks encouraged for a moment.
There is a staircase back to the Dungeon here.
The ogre shouts!
You hear a shout! x5
The orc barely misses you.
The orc warrior unwields a +0 trident.
The orc warrior wields a +0 arbalest.
The orc warrior shoots a bolt.
The bolt hits you.
The orc warrior throws a boomerang.
You block the boomerang with an invisible shield... and reflect it back!
The boomerang closely misses the orc warrior.
The orc warlord hits you with a +0 battleaxe of freezing.
The orc warlord freezes you.
You climb upwards.
Welcome back to the Dungeon!
Level annotation: 2 transporters, exclusion: orange crystal statue
There is a staircase to the Orcish Mines here.
Your skin crawls.
You feel strong-willed.
The orc warlord roars a battlecry!
The orc goes into a battle-frenzy!
You block the orc's attack.
Your troll goes berserk!
The orc misses you.
The orc warlord hits you with a +0 battleaxe of freezing!
The orc warlord freezes you!
You barely miss the orc. The orc hits you with a +0 flail!
The orc warlord hits you with a +0 battleaxe of freezing!!
You die...

###############
#.............###
#..........##...#
#..........####.##
#..........# #..#
#..........# ##.##
#..........####...#
#......o...#....#.#
#....o@....#.####.#####
##.........#.# #.....#
#..T........# #.....#
#.........### #.....#
#.........# #.....#
#.........# #(....#
#.........# #.....#
#####..#### ###.###
##[## #.# #
#..##########.###
##.[)..รท......>..


You could see an orc warlord, an orc (strong, ally target) and a friendly troll
(summoned, berserk).

Vanquished Creatures
  Gastronok (Lair:1)
  A two-headed ogre (D:6)
  A manticore (D:11)
  2 cane toads (Lair:1)
  A komodo dragon (D:11)
  A rime drake (D:11)
  2 trolls (D:11)
  3 polar bears (D:11)
  6 blink frogs (Lair:1)
  A vampire (D:11)
  A shadow (D:6)
  11 yaks
  2 wyverns
  Eustachio (D:5)
  A warg (D:9)
  A basilisk (D:10)
  3 steam dragons
  Menkaure (D:5)
  An acid dragon (D:9)
  A water moccasin (D:9)
  Duvessa (D:4)
  2 black bears
  15 orc warriors
  2 sky beasts
  8 ice beasts
  3 ogres
  9 wolves
  15 centaurs
  3 kobold brigands
  2 phantoms
  11 bullfrogs
  5 scorpions
  Dowan (D:4)
  An oklob sapling (D:6)
  5 killer bees (D:9)
  8 howler monkeys
  A bombardier beetle (D:4)
  4 hounds
  2 jellies
  A gnoll bouda (D:5)
  8 orc priests
  5 iguanas
  Crazy Yiuf (D:2)
  10 orc wizards
  7 adders
  A gnoll (D:5)
  A river rat (D:5)
  5 white imps
  7 ufetubi
  A ribbon worm (D:2)
  2 dart slugs (D:1)
  59 orcs
  5 ball pythons
  5 bats
  6 endoplasms
  5 giant cockroaches
  5 goblins
  9 hobgoblins
  12 jackals
  15 kobolds
  3 quokkas
  4 frilled lizards (D:2)
  10 rats
327 creatures vanquished.

Notes
Turn   | Place    | Note
-------+----------+-------------------------------------------
     0 | D:1      | jSlice the Oni Berserker began the quest for the Orb.
     0 | D:1      | Reached XP level 1. HP: 24/24 MP: 1/1
   188 | D:1      | Reached XP level 2. HP: 32/32 MP: 2/2
   708 | D:2      | Reached XP level 3. HP: 35/40 MP: 3/3
   819 | D:2      | Reached ** piety under Trog
  1011 | D:2      | Reached skill level 4 in Maces & Flails
  1011 | D:2      | Reached XP level 4. HP: 42/49 MP: 4/4
  1254 | D:2      | Reached skill level 5 in Fighting
  1417 | D:2      | Found a runed translucent door.
  1418 | D:2      | Noticed Crazy Yiuf
  1423 | D:2      | Killed Crazy Yiuf
  1424 | D:2      | Reached XP level 5. HP: 57/57 MP: 5/5
  1546 | D:2      | Identified the +1 cloak "Kishrioj" {rElec rPois Stlth+}
  1844 | D:3      | Reached skill level 5 in Maces & Flails
  1874 | D:3      | Reached *** piety under Trog
  2731 | D:4      | Noticed Duvessa
  2745 | D:4      | Killed Duvessa
  2746 | D:4      | Reached XP level 6. HP: 37/67 MP: 6/6
  2877 | D:4      | Noticed Dowan
  2893 | D:4      | Killed Dowan
  3109 | D:4      | Reached skill level 6 in Maces & Flails
  3152 | D:4      | Noticed a +0 short sword
  3152 | D:4      | Noticed a +0 spear
  3152 | D:4      | Noticed a +0 spear
  3153 | D:4      | Noticed a +0 falchion
  3153 | D:4      | Noticed a +0 falchion
  3154 | D:4      | Noticed a +0 short sword
  3154 | D:4      | Noticed a +0 dagger
  3155 | D:4      | Noticed a +0 dagger
  3161 | D:4      | Found a hide-covered altar of Uskayaw.
  3226 | D:4      | Found a shimmering altar of Xom.
  3283 | D:4      | Noticed a yak
  3283 | D:4      | Noticed a yak
  3284 | D:4      | Noticed a yak
  3285 | D:4      | Noticed a yak
  3285 | D:4      | Noticed a yak
  3299 | D:4      | Killed a yak
  3300 | D:4      | Reached XP level 7. HP: 59/76 MP: 7/7
  3306 | D:4      | Killed a yak
  3307 | D:4      | Reached skill level 7 in Maces & Flails
  3308 | D:4      | Killed a yak
  3309 | D:4      | Reached XP level 8. HP: 28/88 MP: 8/8
  3310 | D:4      | Killed a yak
  3311 | D:4      | Reached skill level 8 in Maces & Flails
  3313 | D:4      | Killed a yak
  3533 | D:4      | Found a broken altar of Ashenzari.
  3565 | D:4      | Identified the +11 sling "Jott" {drain, rElec}
  3847 | D:5      | Entered Level 5 of the Dungeon
  3854 | D:5      | Reached **** piety under Trog
  3875 | D:5      | Reached skill level 9 in Maces & Flails
  4020 | D:5      | Reached XP level 9. HP: 98/98 MP: 9/9
  4040 | D:5      | Reached skill level 10 in Maces & Flails
  4221 | D:5      | Noticed Eustachio
  4238 | D:5      | Killed Eustachio
  4595 | D:5      | Noticed Menkaure
  4599 | D:5      | Reached skill level 11 in Maces & Flails
  4736 | D:5      | Killed Menkaure
  5081 | D:5      | Reached ***** piety under Trog
  5436 | D:6      | Found a staircase to the Ecumenical Temple.
  5534 | D:6      | Reached skill level 12 in Maces & Flails
  5697 | D:6      | Found Leynus's Assorted Antiques.
  5874 | D:6      | Noticed a two-headed ogre
  5882 | D:6      | Killed a two-headed ogre
  5883 | D:6      | Reached skill level 13 in Maces & Flails
  5883 | D:6      | Reached XP level 10. HP: 90/107 MP: 10/10
  6415 | D:7      | Found a transporter.
  6427 | D:7      | Noticed a red ugly thing
  6428 | D:7      | Noticed GreedOfGod's ghost (novice DsBe)
  6468 | D:7      | Found a one-way gate to the infinite horrors of the Abyss.
  6529 | D:7      | Found a transporter.
  7010 | D:8      | Found a glowing golden altar of the Shining One.
  7366 | D:8      | Reached skill level 14 in Maces & Flails
  7840 | D:9      | Noticed a cyclops
  7840 | D:9      | Noticed a boulder beetle
  7847 | D:9      | Found a transporter.
  7847 | D:9      | Noticed an orange crystal statue
  7851 | D:9      | Noticed a white ugly thing
  7871 | D:9      | a polar bear changed into an entropy weaver
  7871 | D:9      | Noticed an entropy weaver (shapeshifter)
  7881 | D:9      | an entropy weaver changed into a blink frog
  7901 | D:9      | a yak changed into a black mamba
  7901 | D:9      | Noticed a black mamba (shapeshifter)
  7914 | D:9      | a blink frog changed into a cyclops
  7914 | D:9      | Noticed a cyclops (shapeshifter)
  7929 | D:9      | a cyclops changed into a boggart
  7951 | D:9      | a black mamba changed into a queen bee
  7953 | D:9      | a queen bee changed into a harpy
  7953 | D:9      | Noticed a harpy (shapeshifter)
  7954 | D:9      | a harpy changed into a troll
  7984 | D:9      | a troll changed into a black mamba
  7984 | D:9      | Noticed a black mamba (shapeshifter)
  7986 | D:9      | a troll changed into a black mamba
  7986 | D:9      | Noticed a black mamba (shapeshifter)
  8006 | D:9      | a black mamba changed into a queen bee
  8010 | D:9      | a black mamba changed into a queen bee
  8032 | D:9      | a queen bee changed into an entropy weaver
  8032 | D:9      | Noticed an entropy weaver (shapeshifter)
  8033 | D:9      | an entropy weaver changed into a spriggan
  8059 | D:9      | a queen bee changed into a meliai
  8059 | D:9      | Noticed a meliai (shapeshifter)
  8095 | D:9      | a meliai changed into a salamander
  8095 | D:9      | Noticed a salamander (shapeshifter)
  8314 | D:9      | Found a transporter.
  8315 | D:9      | Noticed a fire crab
  8318 | D:9      | a fire crab changed into a yak
  8336 | D:9      | Reached skill level 15 in Maces & Flails
  8361 | D:9      | Reached XP level 11. HP: 13/115 MP: 11/11
  8626 | D:9      | Found a staircase to the Orcish Mines.
  8791 | D:10     | Entered Level 10 of the Dungeon
  9024 | D:10     | Found an iron altar of Okawaru.
  9409 | D:10     | Found a flagged portal.
  9415 | Bailey   | Entered a bailey
  9803 | Bailey   | Received a gift from Trog
 10824 | Bailey   | Reached skill level 16 in Maces & Flails
 11485 | Bailey   | Identified the +11 shortbow "Webroff" {flame, rCorr Dex+4}
 12008 | D:10     | Found a sacrificial altar of Ru.
 12240 | D:11     | Noticed a manticore
 12828 | D:11     | Reached skill level 17 in Maces & Flails
 12832 | D:11     | Found a staircase to the Lair.
 12906 | D:11     | Killed a manticore
 13610 | D:11     | Found Peytuuth's Antique Armour Emporium.
 13940 | Lair:1   | Entered Level 1 of the Lair of Beasts
 13946 | Lair:1   | Reached XP level 12. HP: 123/123 MP: 12/12
 13957 | Lair:1   | Noticed Gastronok
 13974 | D:11     | Reached skill level 18 in Maces & Flails
 14146 | Lair:1   | Killed Gastronok
 14976 | Lair:1   | Noticed Sonja
 15183 | Orc:1    | Entered Level 1 of the Orcish Mines
 15183 | Orc:1    | Noticed an orc warlord
 15205 | D:9      | Slain by an orc warlord

Illustrated notes

Levels and vault maps discovered:
D:1:      dpeg_chamrin_arrival_tetris, layout_loops_ring,
          minmay_misc_feat_rugged, chequers_jeans
D:2:      layout_loops_ring, uniq_crazy_yiuf_cottage
D:3:      layout_basic, minmay_between
D:4:      layout_rooms, nicolae_uskayaw_en_pointe, lemuel_doored_altar,
          nicolae_ashenzari_panopticon, uniq_duvessa
D:5:      minmay_diamond_boxcup, layout_loops_ring,
          mainiacjoe_sewer_entry_somewhere_in_here_2,
          chequers_serial_rivers_marsh, uniq_menkaure, uniq_eustachio
D:6:      layout_loops_ring, minmay_temple_entry_oklob, serial_shops, shop,
          minmay_three_doors
D:7:      layout_basic, gammafunk_ghost_abyssal_escape
D:8:      minmay_bubble_buster, layout_basic, mainiacjoe_overflow_catwalk,
          nicolae_overflow_hidden_temple, billiards_dpeg
D:9:      gammafunk_sealed_arena, layout_rooms, david_orc_3
D:10:     layout_grid_maze, kennysheep_mini_moat, mainiacjoe_overflow_alcove_4,
          enter_bailey_2
D:11:     layout_gridville, hellmonk_lair_entry_icy, nicolae_take_the_stairs
Lair:1:   layout_layer_cave, lemuel_fruit_tree, uniq_sonja, uniq_gastronok
Orc:1:    layout_caves, serial_shops, nicolae_shop_rolled_up

Skill      XL: |  1  2  3  4  5  6  7  8  9 10 11 12 |
---------------+-------------------------------------+-----
Dodging        | 3 |  3.0
Maces & Flails | 4 5 6 7 9 13 15 17 18 | 18.5
Fighting       | 5 6 7 9 |  9.2

Action                     |  1- 3 |  4- 6 |  7- 9 | 10-12 || total
---------------------------+-------+-------+-------+-------++-------
  Melee: Mace              |    69 |   185 |    51 |       ||   305
         Headbutt          |     7 |    25 |    32 |    72 ||   136
         Giant spiked club |       |       |   139 |   458 ||   597
  Throw: Boomerang         |       |    18 |     4 |   101 ||   123
         Dart              |       |       |     2 |    10 ||    12
         Javelin           |       |       |       |     2 ||     2
 Invoke: Trog's Hand       |       |     1 |       |     5 ||     6
         Berserk           |       |       |     1 |     2 ||     3
         Brothers in Arms  |       |       |       |     1 ||     1
    Use: Potion            |       |       |       |     4 ||     4
         Scroll            |       |       |       |     2 ||     2
   Stab: Sleeping          |       |     8 |     1 |     3 ||    12
 Armour: Animal skin       |    30 |       |       |       ||    30
         Robe              |     5 |   109 |   168 |    15 ||   297
         Steam dragon scal |       |       |       |   147 ||   147
         Acid dragon scale |       |       |       |   453 ||   453
  Dodge: Dodged            |    34 |    94 |    81 |   320 ||   529
  Block: Other             |       |       |       |    21 ||    21
         Reflection        |       |       |       |     1 ||     1

Table legend: (Time is in decaauts)
 A = Elapsed time spent in this place.
 B = Non-inter-level travel time spent in this place.
 C = Inter-level travel time spent in this place.
 D = Time resting spent in this place.
 E = Time spent auto-exploring this place.
 F = Levels seen in this place.
 G = Mean time per level.
                   A        B        C        D        E       F      G
               +--------+--------+--------+--------+--------+-----+--------+
         Total |  15364 |  14787 |    577 |   3398 |   8361 |  14 | 1097.4 |
       Dungeon |  12066 |  11502 |    564 |   1871 |   7528 |  11 | 1096.9 |
          Lair |    987 |    974 |     13 |    268 |    522 |   1 |  987.0 |
  Orcish Mines |      7 |      7 |      0 |      0 |      0 |   1 |    7.0 |
        Bailey |   2303 |   2303 |      0 |   1258 |    311 |   1 | 2303.0 |
               +--------+--------+--------+--------+--------+-----+--------+

Top non-repeatable levels by time:
  Bailey: 2303 daAuts
    D:10: 1617 daAuts
    D:11: 1510 daAuts
     D:5: 1408 daAuts
     D:4: 1100 daAuts
     D:6: 1093 daAuts
     D:3: 1093 daAuts
     D:8: 1039 daAuts
     D:2: 1003 daAuts
     D:9: 994 daAuts
  Lair:1: 987 daAuts
     D:1: 706 daAuts
     D:7: 500 daAuts
   Orc:1: 7 daAuts
